| TOP OF THE 1ST |
|
Corpus Christi Hooks batting - Pitching for Arkansas Travelers : RHP Luis Cabrera
|
|
Pitching: RHP Luis Cabrera
|
|
|
Batting: RHB Ben Hoffman
|
0-0: Ground out 5-3 (Groundball, 5S, EV 80.0 MPH)
|
|
Batting: RHB Mark Cahill
|
0-0: Ball 1-0: Called Strike 1-1: Foul Ball, location: 2F 1-2: Strikes out swinging
|
|
Batting: LHB Josh Birkner
|
0-0: Ball 1-0: Swinging Strike 1-1: Called Strike 1-2: Fly out, F7 (Line Drive, 7LM, EV 100.0 MPH)
|
| Top of the 1st over - 0 runs, 0 hits, 0 errors, 0 left on base; Corpus Christi 0 - Arkansas 0 |
| BOTTOM OF THE 1ST |
|
Arkansas Travelers batting - Pitching for Corpus Christi Hooks : RHP Andy Harrigan
|
|
Pitching: RHP Andy Harrigan
|
|
|
Batting: LHB Barrfhionn O'Toole
|
0-0: Ball 1-0: Ball 2-0: Foul Ball, location: 2F 2-1: Fly out, F7 (Flyball, 78S, EV 91.2 MPH)
|
|
Batting: LHB Griffin Ferris
|
0-0: Foul Ball, location: 2F 0-1: Foul Ball, location: 2F 0-2: SINGLE (Groundball, 56S, EV 64.4 MPH) (infield hit)
|
|
Batting: LHB Mark Reeg
|
0-0: Ball 1-0: Foul Ball, location: 2F 1-1: Ball 2-1: Fly out, F7 (Line Drive, 78M, EV 96.9 MPH)
|
|
Batting: SHB Mario Padron
|
0-0: Ball 1-0: Ball 2-0: Ball 3-0: Called Strike Pickoff Throw to First - Out! 1-3
|
| Bottom of the 1st over - 0 runs, 1 hit, 0 errors, 0 left on base; Corpus Christi 0 - Arkansas 0 |
| TOP OF THE 2ND |
|
Corpus Christi Hooks batting - Pitching for Arkansas Travelers : RHP Luis Cabrera
|
|
Batting: RHB Bruce Bermudez
|
0-0: Ball 1-0: Called Strike 1-1: Swinging Strike 1-2: Foul Ball, location: 2F 1-2: Ball 2-2: Strikes out swinging
|
|
Batting: LHB Mitchell Casey
|
0-0: Called Strike 0-1: Called Strike 0-2: Ball 1-2: Strikes out looking
|
|
Batting: RHB Masaru Konno
|
0-0: Called Strike 0-1: Ball 1-1: Called Strike 1-2: Foul Ball, location: 2F 1-2: Fly out, F3 (Line Drive, 3, EV 74.4 MPH)
|
| Top of the 2nd over - 0 runs, 0 hits, 0 errors, 0 left on base; Corpus Christi 0 - Arkansas 0 |
| BOTTOM OF THE 2ND |
|
Arkansas Travelers batting - Pitching for Corpus Christi Hooks : RHP Andy Harrigan
|
|
Batting: SHB Mario Padron
|
0-0: Foul Ball, location: 2F 0-1: Ground out U3 (Groundball, 3S, EV 86.9 MPH)
|
|
Batting: RHB Ryuji Ito
|
0-0: Ball 1-0: Ball 2-0: Called Strike 2-1: Swinging Strike 2-2: Ball 3-2: Base on Balls
|
|
Batting: LHB Justin Balthazor
|
0-0: Ball 1-0: Foul Ball, location: 2F 1-1: Ball 2-1: Ball 3-1: Base on Balls Ryuji Ito to second
|
|
Batting: RHB Juan Montez
|
0-0: Called Strike 0-1: Ball 1-1: Foul Ball, location: 2F 1-2: SINGLE (Groundball, 6MD, EV 97.5 MPH) Ryuji Ito to third Justin Balthazor to second
|
|
Batting: RHB Timoleon Tsikouna
|
0-0: Ball 1-0: Called Strike 1-1: Swinging Strike 1-2: Fly out, F5 (Popup, 25, EV 91.2 MPH)
|
|
Batting: LHB Larry Prey
|
0-0: Ball 1-0: Swinging Strike 1-1: Ground out 4-3 (Groundball, 34, EV 83.1 MPH)
|
| Bottom of the 2nd over - 0 runs, 1 hit, 0 errors, 3 left on base; Corpus Christi 0 - Arkansas 0 |
| TOP OF THE 3RD |
|
Corpus Christi Hooks batting - Pitching for Arkansas Travelers : RHP Luis Cabrera
|
|
Batting: LHB John Wagner
|
0-0: Called Strike 0-1: Ball 1-1: Ball 2-1: Swinging Strike 2-2: Ball 3-2: Foul Ball, location: 2F 3-2: Base on Balls
|
|
Batting: RHB Alex Campos
|
0-0: Foul Ball, location: 2F 0-1: Ball 1-1: Called Strike John Wagner is caught stealing 2nd base 2-4 1-2: SINGLE (Groundball, 56D, EV 98.1 MPH)
|
|
Batting: RHB Derek Moran
|
0-0: Called Strike 0-1: Called Strike 0-2: Hit by Pitch Alex Campos to second
|
|
Batting: RHB Ben Hoffman
|
0-0: Swinging Strike 0-1: Fly out, F9 (Flyball, 89M, EV 91.9 MPH)
|
|
Batting: RHB Mark Cahill
|
0-0: Called Strike 0-1: Ground out 4-3 (Groundball, 4S, EV 85.0 MPH)
|
| Top of the 3rd over - 0 runs, 1 hit, 0 errors, 2 left on base; Corpus Christi 0 - Arkansas 0 |
| BOTTOM OF THE 3RD |
|
Arkansas Travelers batting - Pitching for Corpus Christi Hooks : RHP Andy Harrigan
|
|
Batting: LHB Barrfhionn O'Toole
|
0-0: Bunt missed! 0-1: Ball 1-1: Ball 2-1: Ball 3-1: Base on Balls
|
|
Batting: LHB Griffin Ferris
|
0-0: Ball 1-0: Ball 2-0: Called Strike 2-1: DOUBLE (Line Drive, 78XD, EV 103.8 MPH) Barrfhionn O'Toole to third
|
|
Batting: LHB Mark Reeg
|
0-0: Ball 1-0: Called Strike 1-1: Foul Ball, location: 2F 1-2: Ball 2-2: Foul Ball, location: 2F 2-2: Foul Ball, location: 2F 2-2: Ball 3-2: Strikes out swinging
|
|
Batting: SHB Mario Padron
|
0-0: Called Strike 0-1: SINGLE (Line Drive, 9S, EV 105.0 MPH) Barrfhionn O'Toole scores Griffin Ferris to third Runner from 3rd tries for Home, SAFE, throw by RF to home
|
|
Batting: RHB Ryuji Ito
|
0-0: Ball 1-0: Ball Wild Pitch! Mario Padron to second 2-0: Called Strike 2-1: Swinging Strike 2-2: Ball 3-2: Ground out 6-3 (Groundball, 6S, EV 90.6 MPH) Mario Padron to third
|
|
Batting: LHB Justin Balthazor
|
0-0: Foul Ball, location: 2F 0-1: Swinging Strike 0-2: Strikes out looking
|
| Bottom of the 3rd over - 2 runs, 2 hits, 0 errors, 1 left on base; Corpus Christi 0 - Arkansas 2 |
| TOP OF THE 4TH |
|
Corpus Christi Hooks batting - Pitching for Arkansas Travelers : RHP Luis Cabrera
|
|
Batting: LHB Josh Birkner
|
0-0: Ball 1-0: Ball 2-0: SINGLE (Groundball, 4D, EV 98.1 MPH)
|
|
Batting: RHB Bruce Bermudez
|
0-0: Called Strike 0-1: Swinging Strike 0-2: Strikes out swinging
|
|
Pitching: RHP Tyler Keenan
|
|
|
Batting: LHB Mitchell Casey
|
0-0: Ball 1-0: Ball 2-0: Called Strike 2-1: Ball 3-1: Called Strike 3-2: Base on Balls Josh Birkner to second
|
|
Batting: RHB Masaru Konno
|
0-0: Swinging Strike 0-1: Swinging Strike 0-2: Ball 1-2: Foul Ball, location: 2F 1-2: Strikes out swinging
|
|
Batting: LHB John Wagner
|
0-0: Ball 1-0: Ball 2-0: Ball 3-0: Called Strike 3-1: Called Strike 3-2: 3-RUN HOME RUN (Flyball, 9LD, EV 95.0 MPH), Distance : 378 ft
|
|
Batting: RHB Alex Campos
|
0-0: Ground out 6-3 (Groundball, 6, EV 86.2 MPH)
|
| Top of the 4th over - 3 runs, 2 hits, 0 errors, 0 left on base; Corpus Christi 3 - Arkansas 2 |
| BOTTOM OF THE 4TH |
|
Arkansas Travelers batting - Pitching for Corpus Christi Hooks : RHP Andy Harrigan
|
|
Batting: RHB Juan Montez
|
0-0: Ball 1-0: Ball 2-0: Swinging Strike 2-1: Ball 3-1: SOLO HOME RUN (Flyball, 7LD, EV 98.1 MPH), Distance : 365 ft
|
|
Batting: RHB Timoleon Tsikouna
|
0-0: Called Strike 0-1: Ball 1-1: Ground out 6-3 (Groundball, 6S, EV 87.5 MPH)
|
|
Batting: LHB Larry Prey
|
0-0: Ground out 1-3 (Groundball, 34S, EV 63.1 MPH)
|
|
Batting: LHB Barrfhionn O'Toole
|
0-0: Ball 1-0: Ball 2-0: Ball 3-0: Base on Balls
|
|
Batting: LHB Griffin Ferris
|
0-0: Ball Barrfhionn O'Toole is caught stealing 2nd base 2-6
|
| Bottom of the 4th over - 1 run, 1 hit, 0 errors, 0 left on base; Corpus Christi 3 - Arkansas 3 |
| TOP OF THE 5TH |
|
Corpus Christi Hooks batting - Pitching for Arkansas Travelers : RHP Tyler Keenan
|
|
Batting: RHB Derek Moran
|
0-0: Ground out 6-3 (Groundball, 6, EV 81.9 MPH)
|
|
Batting: RHB Ben Hoffman
|
0-0: Ball 1-0: Ball 2-0: Ball 3-0: Foul Ball, location: 2F 3-1: Foul Ball, location: 2F 3-2: Foul Ball, location: 2F 3-2: DOUBLE (Groundball, 5L, EV 108.8 MPH)
|
|
Batting: RHB Mark Cahill
|
0-0: Swinging Strike 0-1: Ball 1-1: Called Strike 1-2: Strikes out swinging, 2-3 out at first.
|
|
Batting: LHB Josh Birkner
|
0-0: Ball 1-0: Called Strike 1-1: Ball 2-1: Fly out, F9 (Line Drive, 9, EV 102.5 MPH)
|
| Top of the 5th over - 0 runs, 1 hit, 0 errors, 1 left on base; Corpus Christi 3 - Arkansas 3 |
| BOTTOM OF THE 5TH |
|
Arkansas Travelers batting - Pitching for Corpus Christi Hooks : RHP Andy Harrigan
|
|
Batting: LHB Griffin Ferris
|
0-0: Called Strike 0-1: Swinging Strike 0-2: Ball 1-2: Ball 2-2: Foul Ball, location: 2F 2-2: Ball 3-2: Strikes out swinging
|
|
Batting: LHB Mark Reeg
|
0-0: Foul Ball, location: 2F 0-1: SINGLE (Line Drive, 7S, EV 94.4 MPH)
|
|
Batting: SHB Mario Padron
|
0-0: Fly out, F7 (Flyball, 7LS, EV 78.8 MPH)
|
|
Batting: RHB Ryuji Ito
|
0-0: Ball 1-0: Foul Ball, location: 2F 1-1: Ball 2-1: Ball 3-1: Called Strike 3-2: Base on Balls Mark Reeg to second
|
|
Batting: LHB Justin Balthazor
|
0-0: Called Strike 0-1: Ball 1-1: SINGLE (Groundball, 15S, EV 68.8 MPH) (infield hit) Mark Reeg to third Ryuji Ito to second
|
|
Batting: RHB Juan Montez
|
0-0: Ball 1-0: Foul Ball, location: 2F 1-1: Fielders Choice at 2nd, 5-4 (Groundball, 56, EV 82.5 MPH)
|
| Bottom of the 5th over - 0 runs, 2 hits, 0 errors, 3 left on base; Corpus Christi 3 - Arkansas 3 |
| TOP OF THE 6TH |
|
Corpus Christi Hooks batting - Pitching for Arkansas Travelers : RHP Tyler Keenan
|
|
Batting: RHB Bruce Bermudez
|
0-0: Called Strike 0-1: Swinging Strike 0-2: Ball 1-2: Fly out, F8 (Flyball, 8LS, EV 88.8 MPH)
|
|
Pitching: LHP Steve McClain
|
|
|
Batting: RHB Ramon Castellon
|
0-0: DOUBLE (Groundball, 5L, EV 103.1 MPH)
|
|
Batting: RHB Masaru Konno
|
0-0: Ball 1-0: Called Strike 1-1: Swinging Strike 1-2: Fly out, F8 (Flyball, 8LM, EV 91.9 MPH)
|
|
Pinch Hitting: RHB Sam Spohn
|
0-0: Called Strike 0-1: Swinging Strike 0-2: Strikes out swinging
|
| Top of the 6th over - 0 runs, 1 hit, 0 errors, 1 left on base; Corpus Christi 3 - Arkansas 3 |
| BOTTOM OF THE 6TH |
|
Arkansas Travelers batting - Pitching for Corpus Christi Hooks : RHP Andy Harrigan
|
|
Pitching: LHP Blaine Whitmore
|
|
|
Now in LF: Dan Castaneda
|
|
|
Batting: RHB Timoleon Tsikouna
|
0-0: Foul Ball, location: 2F 0-1: Ball 1-1: Foul Ball, location: 2F 1-2: Strikes out looking
|
|
Batting: LHB Larry Prey
|
0-0: Ball 1-0: Ground out 4-3 (Groundball, 4M, EV 88.1 MPH)
|
|
Batting: LHB Barrfhionn O'Toole
|
0-0: Ball 1-0: Ball 2-0: Ball 3-0: Called Strike 3-1: SOLO HOME RUN (Flyball, 89XD, EV 99.4 MPH), Distance : 397 ft
|
|
Batting: LHB Griffin Ferris
|
0-0: SINGLE (Groundball, 56D, EV 103.8 MPH)
|
|
Batting: LHB Mark Reeg
|
0-0: Ball 1-0: Ball 2-0: Ball 3-0: SINGLE (Line Drive, 7S, EV 105.6 MPH) Griffin Ferris to second
|
|
Batting: SHB Mario Padron
|
0-0: Foul Ball, location: 2F 0-1: Called Strike 0-2: Ball 1-2: Ball 2-2: Strikes out swinging
|
| Bottom of the 6th over - 1 run, 3 hits, 0 errors, 2 left on base; Corpus Christi 3 - Arkansas 4 |
| TOP OF THE 7TH |
|
Corpus Christi Hooks batting - Pitching for Arkansas Travelers : LHP Steve McClain
|
|
Batting: RHB Alex Campos
|
0-0: Ball 1-0: Swinging Strike 1-1: Ball 2-1: Called Strike 2-2: Foul Ball, location: 2F 2-2: Ball 3-2: Foul Ball, location: 2F 3-2: Strikes out swinging
|
|
Batting: RHB Derek Moran
|
0-0: Called Strike 0-1: Ground out 6-3 (Groundball, 6, EV 85.0 MPH)
|
|
Batting: RHB Ben Hoffman
|
0-0: Ground out 4-3 (Groundball, 4, EV 85.6 MPH)
|
| Top of the 7th over - 0 runs, 0 hits, 0 errors, 0 left on base; Corpus Christi 3 - Arkansas 4 |
| BOTTOM OF THE 7TH |
|
Arkansas Travelers batting - Pitching for Corpus Christi Hooks : LHP Blaine Whitmore
|
|
Pitching: RHP Tommy Cunningham
|
|
|
Batting: RHB Ryuji Ito
|
0-0: Ball 1-0: Called Strike 1-1: Called Strike 1-2: Ground out 4-3 (Groundball, 4, EV 85.6 MPH)
|
|
Batting: LHB Justin Balthazor
|
0-0: Ground out 5-3 (Groundball, 5, EV 101.2 MPH)
|
|
Batting: RHB Juan Montez
|
0-0: Ball 1-0: Called Strike 1-1: Fly out, F7 (Flyball, 7, EV 95.6 MPH)
|
| Bottom of the 7th over - 0 runs, 0 hits, 0 errors, 0 left on base; Corpus Christi 3 - Arkansas 4 |
| TOP OF THE 8TH |
|
Corpus Christi Hooks batting - Pitching for Arkansas Travelers : LHP Steve McClain
|
|
Pitching: LHP Matt Huston
|
|
|
Batting: RHB Mark Cahill
|
0-0: Called Strike 0-1: Ball 1-1: Swinging Strike 1-2: Foul Ball, location: 2F 1-2: Strikes out swinging
|
|
Batting: LHB Josh Birkner
|
0-0: Foul Ball, location: 2F 0-1: Foul Ball, location: 2F 0-2: Strikes out swinging
|
|
Batting: RHB Bruce Bermudez
|
0-0: Called Strike 0-1: Foul Ball, location: 2F 0-2: Foul Ball, location: 2F 0-2: Ground out 4-3 (Groundball, 4D, EV 102.5 MPH)
|
| Top of the 8th over - 0 runs, 0 hits, 0 errors, 0 left on base; Corpus Christi 3 - Arkansas 4 |
| BOTTOM OF THE 8TH |
|
Arkansas Travelers batting - Pitching for Corpus Christi Hooks : RHP Tommy Cunningham
|
|
Batting: RHB Timoleon Tsikouna
|
0-0: Called Strike 0-1: Ball 1-1: Called Strike 1-2: Ball 2-2: Foul Ball, location: 2F 2-2: Ball 3-2: Strikes out looking
|
|
Batting: LHB Larry Prey
|
0-0: Called Strike 0-1: Ball 1-1: Ball 2-1: SOLO HOME RUN (Line Drive, 9D, EV 103.8 MPH), Distance : 386 ft
|
|
Batting: LHB Barrfhionn O'Toole
|
0-0: Ball 1-0: Ball 2-0: Ball 3-0: Called Strike 3-1: Foul Ball, location: 2F 3-2: Base on Balls
|
|
Batting: LHB Griffin Ferris
|
0-0: Ball Barrfhionn O'Toole steals 2nd base 1-0: Ball 2-0: Called Strike 2-1: Swinging Strike 2-2: Strikes out looking
|
|
Batting: LHB Mark Reeg
|
0-0: Called Strike 0-1: Ball 1-1: Called Strike 1-2: Fly out, F3 (Popup, 3SF, EV 83.1 MPH)
|
| Bottom of the 8th over - 1 run, 1 hit, 0 errors, 1 left on base; Corpus Christi 3 - Arkansas 5 |
| TOP OF THE 9TH |
|
Corpus Christi Hooks batting - Pitching for Arkansas Travelers : LHP Matt Huston
|
|
Pitching: RHP Kody Mason
|
|
|
Batting: RHB Ramon Castellon
|
0-0: Foul Ball, location: 2F 0-1: Called Strike 0-2: Strikes out swinging
|
|
Batting: RHB Masaru Konno
|
0-0: Ball 1-0: Called Strike 1-1: Ground out 3-1 (Groundball, 34, EV 100.0 MPH)
|
|
Batting: SHB Dan Castaneda
|
0-0: Called Strike 0-1: Foul Ball, location: 2F 0-2: Ground out U3 (Groundball, 3S, EV 87.5 MPH)
|
| Top of the 9th over - 0 runs, 0 hits, 0 errors, 0 left on base; Corpus Christi 3 - Arkansas 5 |
|